 Dungeon Crawl Stone Soup version 0.21.1-1-g345015f (webtiles) character file.

172 shakethe the Slasher (level 5, -5/44 HPs)
             Began as a Barachi Fighter on Feb 24, 2018.
             Was a Believer of Elyvilon.
             Slain by an iguana (12 damage)
             ... on level 4 of the Dungeon.
             The game lasted 00:03:47 (2613 turns).

shakethe the Slasher (Barachi Fighter)              Turns: 2613, Time: 00:03:48

Health: -5/44      AC:  6    Str: 18    XL:     5   Next: 52%
Magic:  4/5        EV:  7    Int:  9    God:    Elyvilon [**....]
Gold:   259        SH:  9    Dex: 11    Spells: 4/4 levels left

rFire    . . .     SeeInvis .   a - +0 long sword
rCold    . . .     Gourm    .   c - +0 shield
rNeg     . . .     Faith    .   b - +0 scale mail
rPois    .         Spirit   .   (no helmet)
rElec    .         Reflect  .   (no cloak)
rCorr    .         Harm     .   (no gloves)
MR       .....                  (no boots)
Stlth    ..........             (no amulet)
HPRegen  0.14/turn              (no ring)
MPRegen  0.09/turn              (no ring)

@: slow
A: +LOS, swims, slowness 1, strong legs 1
a: Hop, Lesser Healing, Heal Other, Divine Protection, Renounce Religion


You were on level 4 of the Dungeon.
You worshipped Elyvilon.
Elyvilon was pleased with you.
You were not hungry.

You visited 1 branch of the dungeon, and saw 4 of its levels.

You collected 259 gold pieces.

Inventory:

Hand Weapons
 a - a +0 long sword (weapon)
Armour
 b - a +0 scale mail (worn)
 c - a +0 shield (worn)
 t - a +0 plate armour
   (You found it on level 3 of the Dungeon)
Jewellery
 g - an uncursed amulet of guardian spirit {unknown}
   (You found it on level 1 of the Dungeon)
Wands
 s - a wand of polymorph (9)
   (You found it on level 2 of the Dungeon)
Scrolls
 i - 2 scrolls of blinking {unknown}
 j - 2 scrolls of identify {unknown}
 k - 2 scrolls of fog {unknown}
 l - a scroll of teleportation {unknown}
 m - a scroll of amnesia {unknown}
 p - 5 scrolls of remove curse {unknown}
 q - a scroll of enchant weapon {unknown}
Potions
 d - 2 potions of might
 e - 3 potions of curing {unknown}
 h - a potion of agility {unknown}
 n - a potion of magic {unknown}
 o - a potion of ambrosia {unknown}
 r - 2 potions of lignification {unknown}
 v - a potion of degeneration {unknown}
Comestibles
 f - 5 rations


   Skills:
 + Level 5.0 Fighting
 * Level 5.6 Long Blades
 - Level 3.6 Armour
 - Level 3.3 Shields


You had 4 spell levels left.
You didn't know any spells.

Dungeon Overview and Level Annotations

Branches:
Dungeon (4/15)
 Temple: D:4-7

Altars:
Cheibriados
Elyvilon
Yredelemnul


Innate Abilities, Weirdness & Mutations

Shadows flee at your approach. (+LOS)
You can swim through water.
You cover ground slowly.
You can hop short distances.


Message History

You see here a rat corpse.
You see here a jackal corpse.
You now have 235 gold pieces (gained 12).
You are feeling hungry.
You regained 2 hp, and now have 24/44 hp.
You butcher the jackal corpse.
u - a chunk of flesh {@w0@w0} You see here a jackal skeleton. x2
Eating a chunk of flesh {@w0@w0}.
You eat the chunk of flesh {@w0@w0}.
A hobgoblin comes into view. It is wielding a club.
The hobgoblin shouts!
You regained 7 hp, and now have 31/44 hp.
No target in view!
No target in view!
No target in view!
No target in view!
No target in view!
No target in view!
No target in view!
No target in view!
Unknown command.
You block the hobgoblin's attack.
You closely miss the hobgoblin. The hobgoblin barely misses you.
You riposte.
You hit the hobgoblin but do no damage. You hit the hobgoblin.
You kill the hobgoblin!
Things that are here:
a club; a hobgoblin corpse No target in view!
You now have 253 gold pieces (gained 18).
Done exploring.
You regained 4 hp, and now have 36/44 hp.
Done exploring.
Done exploring.
Done exploring.
Done exploring.
(D) Dungeon
Where to? (Enter - D:3, ? - help)
There is a stone staircase leading down here.
You climb downwards.
There is a stone staircase leading up here.
You regained 3 hp, and now have 39/44 hp.
A dart slug comes into view.
A dart slug is nearby!
A dart slug is nearby!
The dart slug launches a dart at you. You block the slug dart.
A dart slug is nearby!
Found a snail-covered altar of Cheibriados.
You block the dart slug's attack.
You slash the dart slug! You block the dart slug's attack.
Your shield and scale mail prevent you from hitting the dart slug.
You slash the dart slug!
You kill the dart slug!
No target in view!
You now have 259 gold pieces (gained 6).
There is a snail-covered altar of Cheibriados here.
You can now heal and attempt to pacify others.
You regained 2 hp, and now have 43/44 hp.
An iguana comes into view.
The iguana hisses angrily.
An orc comes into view. It is wielding an enchanted dagger.
The orc shouts!
An orc priest comes into view. It is wielding a dagger.
The orc priest shouts!
Health restored: 44 You block the iguana's attack.
There are monsters nearby!
You closely miss the iguana. You block the iguana's attack.
An orc comes into view. It is wielding a war axe.
You slash the iguana!
The orc priest looks encouraged for a moment.
The iguana bites you!
You take 7 damage, and have 37/44 hp.
You hit the iguana. The orc hits you but does no damage. The iguana bites you!
You take 11 damage, and have 26/44 hp.
MASSIVE DAMAGE!!
You hit the iguana but do no damage. The orc hits you but does no damage.
You block the iguana's attack. The orc barely misses you.
You hit the iguana but do no damage. The iguana bites you.
The orc hits you but does no damage.
The orc priest hits you but does no damage.
The iguana bites you.
You take 7 damage, and have 19/44 hp.
Your shield and scale mail prevent you from hitting the iguana.
The orc priest hits you with a dagger. The iguana bites you.
You take 4 damage, and have 15/44 hp.
You closely miss the iguana. The orc closely misses you.
You riposte.
You hit the orc but do no damage.
The orc priest calls down the wrath of Beogh upon you.
Beogh smites you!
* * * LOW HITPOINT WARNING * * *
You block the iguana's attack.
You take 13 damage, and have 2/44 hp.
MASSIVE DAMAGE!!
You are healed.
You feel somewhat more hungry. You block the orc's attack.
The orc hits you but does no damage.
The orc priest hits you but does no damage.
The iguana bites you!
You die...

######## ........
........ ........
........ #....
.......l##+##########....
#.o@................
#.oo................
#...................
#............≈≈≈....
#...........≈≈≈≈≈...
#...........≈≈.≈≈...
#...........≈≈≈≈≈...
#............≈≈≈....
##############_#####


You could see an iguana, an orc priest and 2 orcs.

Vanquished Creatures
  An orc priest (D:3)
  An orc wizard (D:3)
  4 adders
  A worm (D:2)
  2 dart slugs
  A leopard gecko (D:2)
  7 orcs (D:3)
  A ball python (D:1)
  8 bats
  2 giant cockroaches
  6 goblins
  8 hobgoblins
  6 jackals
  5 kobolds
  A quokka (D:3)
  3 frilled lizards
  9 rats
66 creatures vanquished.

Notes
Turn   | Place    | Note
-------+----------+-------------------------------------------
     0 | D:1      | shakethe the Barachi Fighter began the quest for the Orb.
     0 | D:1      | Reached XP level 1. HP: 18/18 MP: 1/1
    66 | D:1      | Reached skill level 3 in Long Blades
    66 | D:1      | Reached XP level 2. HP: 19/25 MP: 2/2
   257 | D:1      | Reached skill level 4 in Fighting
   558 | D:1      | Reached XP level 3. HP: 30/30 MP: 3/3
   989 | D:2      | Reached skill level 4 in Long Blades
  1202 | D:2      | Reached XP level 4. HP: 35/38 MP: 4/4
  1333 | D:2      | Found a white marble altar of Elyvilon.
  1455 | D:2      | Became a worshipper of Elyvilon the Healer
  1499 | D:2      | Found a basalt altar of Yredelemnul.
  1832 | D:3      | Reached skill level 5 in Long Blades
  2078 | D:3      | Reached * piety under Elyvilon
  2087 | D:3      | Reached XP level 5. HP: 31/43 MP: 5/5
  2355 | D:3      | Reached skill level 5 in Fighting
  2582 | D:4      | Found a snail-covered altar of Cheibriados.
  2598 | D:4      | Reached ** piety under Elyvilon
  2612 | D:4      | HP: 2/44 [orc priest/divine providence (13)]
  2613 | D:4      | Slain by an iguana

Skill      XL: |  1  2  3  4  5 |
---------------+----------------+-----
Long Blades    | 3 4 5 |  5.6
Fighting       | 4 5 |  5.0
Armour         | |  3.6
Shields        | |  3.3

Action                   |  1- 3 |  4- 6 || total
-------------------------+-------+-------++-------
Melee: Long sword        |   142 |   106 ||   248
Invok: Lesser Healing    |       |     1 ||     1
  Eat: Chunk             |     1 |     6 ||     7
Armor: Scale mail        |    81 |    58 ||   139
Dodge: Dodged            |    61 |    46 ||   107
Block: Shield            |    81 |    63 ||   144
       Rpst.: Long sword |    14 |    15 ||    29

Vault maps used:
D:1:      dpeg_arrival_ternary
D:2:      kennysheep_ying_yang
D:3:      minmay_misc_feat_tower
D:4:      fedhas_bush_and_centaur_altar, kennysheep_slug_shrine,
          kennysheep_little_box, minmay_temple_entry_enclosed_plants,
          palyth_stone_intersect, minivault_1, uniq_ijyb

Table legend:
 A = Turns spent in this place as a percentage of turns spent in the entire game.
 B = Non-inter-level travel turns spent in this place as a percentage of non-inter-level travel turns spent in the entire game.
 C = Inter-level travel turns spent in this place as a percentage of turns spent in this place.
 D = Turns resting spent in this place as a percentage of non-inter-level travel turns spent in this place.
 E = Turns spent auto-exploring this place as a percentage of non-inter-level travel turns spent in this place.
 F = Non-inter-level travel turns spent in this place divided by the number of levels of this place that you've seen.
                   A       B       C       D       E      F
               +-------+-------+-------+-------+-------+----------------------
         Total | 100.0 | 100.0 |   5.2 |  19.9 |  58.6 | 619.0
       Dungeon | 100.0 | 100.0 |   5.2 |  19.9 |  58.6 | 619.0
               +-------+-------+-------+-------+-------+----------------------

Table legend:
 A = Kills in this place as a percentage of kills in entire the game.
 B = Kills by you in this place as a percentage of kills by you in the entire game.
 C = Kills by friends in this place as a percentage of kills by friends in the entire game.
 D = Other kills in this place as a percentage of other kills in the entire game.
 E = Experience gained in this place as a percentage of experience gained in the entire game.
 F = Experience gained in this place divided by the number of levels of this place that you have seen.
                   A       B       C       D       E      F
               +-------+-------+-------+-------+-------+----------------------
         Total | 100.0 | 100.0 |   N/A |   N/A | 100.0 |  61.5
       Dungeon | 100.0 | 100.0 |   N/A |   N/A | 100.0 |  61.5
               +-------+-------+-------+-------+-------+----------------------
